 Dungeon Sprint DCSS version 0.24.0-125-gc4c63601f3 (webtiles) character file.

Game seed: 474281497854256969, levelgen mode: deterministic

91 Ponchio the Geomancer (level 4, 24/24 HPs)
             Began as a Deep Elf Earth Elementalist on Feb 29, 2020.
             Got out of the dungeon alive.
             The game lasted 00:01:43 (560 turns).

Ponchio the Geomancer (Deep Elf Earth Elementalist)  Turns: 560, Time: 00:01:44

Health: 24/24      AC:  2    Str:  5    XL:     4   Next: 33%
Magic:  15/15      EV: 13    Int: 21    God:
Gold:   243        SH:  0    Dex: 15    Spells: 16/17 levels left

rFire    . . .     SeeInvis .   (no weapon)
rCold    . . .     Gourm    .   (no shield)
rNeg     . . .     Faith    .   c - +0 robe
rPois    .         Spirit   .   (no helmet)
rElec    .         Reflect  .   (no cloak)
rCorr    .         Harm     .   (no gloves)
MR       .....     NoTele   +   (no boots)
Stlth    ++........             (no amulet)
HPRegen  0.08/turn              (no ring)
MPRegen  0.14/turn              (no ring)

@: no status effects
A: no striking features
a: no special abilities


You escaped.
You were not hungry.

You visited 1 branch You collected 243 gold pieces.

Inventory:

Missiles
 b - 21 stones (quivered)
Armour
 c - a +0 robe (worn)
Scrolls
 j - a scroll of blinking
Potions
 e - a potion of curing
 f - a potion of heal wounds
 h - a potion of magic
 i - a potion of berserk rage
Comestibles
 d - a ration


   Skills:
 - Level 2.4 Dodging
 - Level 2.4 Stealth
 + Level 7.1 Spellcasting
   Level 1.1 Transmutations
 * Level 8.4 Earth Magic


You had 16 spell levels left.
You knew the following spells:

 Your Spells              Type           Power        Failure   Level  Hunger
a - Sandblast             Erth           #####.       1%          1    None

Your spell library contained the following spells:

 Spells                   Type           Power        Failure   Level  Hunger
 Passwall                 Tmut/Erth      ####....     1%          2    None
 Stone Arrow              Conj/Erth      ####..       4%          3    #......
 Lee's Rapid Deconstruct  Erth           #####.....   8%          5    #####..
 Petrify                  Tmut/Erth      ####....     12%         4    ###....


Dungeon Overview and Level Annotations

Branches:
Dungeon (1/1)

Altars:

Annotations:
D exclusion: obsidian statue


Message History

Moving in this stuff is going to be slow.
You are engulfed in a cloud of scalding steam.
Marking area around an obsidian statue as unsafe for travelling.
Really walk into a travel-excluded area?
You are engulfed in a cloud of scalding steam.
Ouch! That really hurt!
* * * LOW HITPOINT WARNING * * *
You start resting.
A crocodile comes into view.
There is an open door here.
You close the door.
You start resting.
HP restored.
There is an open door here.
There is a staircase leading out of the dungeon here.
There is a staircase leading out of the dungeon here.
Are you sure you want to leave the Dungeon?
This will make you lose the game!
Alright, then stay!
Are you sure you want to leave the Dungeon?
This will make you lose the game!
You have escaped!

#+++ ... #.. #.####
#....# ###..##
#+###.##..#
##.##..##..#
+.@.'##.+..###
##.##..##....###.
#+###.##......≈≈
###≈≈...t.≈#
#≈≈≈≈≈≈≈§.≈#
##≈≈≈≈≈≈≈§.≈#
#≈≈##+##≈≈≈§≈≈≈≈≈≈≈#
#≈≈≈≈≈≈≈≈≈§§§§§§§≈#
#+++#+++#≈≈§§§§≈§≈#


There were no monsters in sight!

Vanquished Creatures
  4 worker ants (D)
4 creatures vanquished.

Vanquished Creatures (others)
  Menkaure (D)
1 creature vanquished.

Grand Total: 5 creatures vanquished

Notes
Turn   | Place    | Note
-------+----------+-------------------------------------------
     0 | D        | Ponchio the Deep Elf Earth Elementalist began the quest for
                  | the Orb.
     0 | D        | Reached XP level 1. HP: 10/10 MP: 6/6
     1 | D        | Noticed a worker ant
     1 | D        | Noticed a worker ant
     1 | D        | Noticed a worker ant
     1 | D        | Noticed a worker ant
     4 | D        | Killed a worker ant
     4 | D        | Reached skill level 5 in Spellcasting
     4 | D        | Reached skill level 6 in Earth Magic
     4 | D        | Reached XP level 2. HP: 15/15 MP: 5/10
     8 | D        | Reached skill level 7 in Earth Magic
     8 | D        | Reached XP level 3. HP: 13/19 MP: 1/12
     9 | D        | Reached XP level 4. HP: 15/24 MP: 0/14
    12 | D        | Reached skill level 8 in Earth Magic
    44 | D        | Killed Menkaure
   309 | D        | Noticed an obsidian statue
   312 | D        | Noticed a flying skull
   353 | D        | Noticed a crocodile
   560 | D        | Got out of the dungeon alive.

Levels and vault maps discovered:
D:        the_violet_keep_of_menkaure [sprint2_stairs_cluster_1,
          sprint2_shoproom, sprint2_temple, sprint2_basic_supplies,
          sprint2_obstacle_3, sprint2_obstacle_1, sprint2_obstacle_5,
          sprint2_obstacle_4, sprint2_obstacle_7, sprint2_timed_cluster_1,
          sprint2_smallroom_cluster_1, sprint2_smallroom_final_cluster_1,
          sprint2_transparent_cluster_1, sprint2_second_timed_cluster_1,
          sprint2_sniper_area_1, sprint2_heavy_combat_area_1,
          sprint2_mutation_trap_area_1, sprint2_forest_area_1,
          sprint2_light_combat_area_1, sprint2_behind_water_1,
          sprint2_near_end_vault_1]

Skill      XL: |  1  2  3  4 |
---------------+-------------+-----
Spellcasting   | 5 6 7 |  7.1
Earth Magic    | 6 7 8 |  8.4
Dodging        | |  2.4
Stealth        | |  2.4
Transmutations | |  1.1

Action                   |  1- 3 |  4- 6 || total
-------------------------+-------+-------++-------
 Cast: Sandblast         |     6 |     3 ||     9
  Use: Potion            |     1 |     1 ||     2
Dodge: Dodged            |     1 |     1 ||     2
